 Dungeon Crawl Stone Soup version 0.22-a0-447-gee5f723 (webtiles) character file.

17884 Supreme the Geomancer (level 12, -1/86 HPs)
             Began as a Formicid Earth Elementalist on June 3, 2018.
             Was the Champion of Cheibriados.
             Slain by a slime creature (18 damage)
             ... on level 12 of the Dungeon.
             The game lasted 02:28:41 (11641 turns).

Supreme the Geomancer (FoEE)                       Turns: 11641, Time: 02:28:42

Health: -1/86      AC:  8    Str: 29    XL:     12   Next: 88%
Magic:  0/28       EV: 22    Int: 34    God:    Cheibriados [******]
Gold:   343        SH:  9    Dex: 31    Spells: 13/35 levels left

rFire    + + +     SeeInvis +   J - +10 whip "Eqyim" {venom, rF++ rC+}
rCold    + . .     Gourm    .   a - +2 buckler
rNeg     . . .     Faith    .   W - +3 leather armour {rF+}
rPois    +         Spirit   +   (helmet unavailable)
rElec    .         Reflect  .   (no cloak)
rCorr    .         Harm     .   E - +0 pair of gloves
MR       +....                  H - +0 pair of boots
Stlth    +++++.....             l - amulet of guardian spirit
HPRegen  0.24/turn              m - ring of poison resistance
MPRegen  0.21/turn              (no ring)

@: agile, very slightly contaminated, studying Long Blades, very slow
A: permanent stasis, dig shafts and tunnels, four strong arms, antennae 3
a: Dig, Shaft Self, Bend Time, Temporal Distortion, Slouch, Step From Time,
Renounce Religion


You were on level 12 of the Dungeon.
You worshipped Cheibriados.
Cheibriados was exalted by your worship.
You were not hungry.

You visited 2 branches of the dungeon, and saw 13 of its levels.
You also visited: Sewer.

You collected 751 gold pieces.
You spent 408 gold pieces at shops.

Inventory:

Hand Weapons
 F - the +1 whip of Equivalence {freeze, rElec Int+3}
   (You bought it in a shop on level 9 of the Dungeon)

   It has been specially enchanted to freeze those struck by it, causing extra
   injury to most foes and up to half again as much damage against particularly
   susceptible opponents.
   It can also slow down cold-blooded creatures.
   It affects your intelligence (+3).
   It insulates you from electricity.
 J - the +10 whip "Eqyim" (weapon) {venom, rF++ rC+}
   (You found it on level 6 of the Dungeon)

   It poisons the flesh of those it strikes.
   It greatly protects you from fire.
   It protects you from cold.
 M - a +1 mace of holy wrath
 N - a +1 spear
 O - a +2 hand axe of flaming
 Q - a +0 long sword of freezing
 V - a +4 lajatang of speed
Missiles
 b - 161 stones (quivered)
 p - 2 throwing nets
 y - 102 arrows
 G - 11 bolts
Armour
 a - a +2 buckler (worn)
 u - a +4 ring mail
 E - a +0 pair of gloves (worn)
 H - a +0 pair of boots (worn)
 P - a +0 troll leather armour
 W - a +3 leather armour of fire resistance (worn)
Magical Staves
 k - an uncursed staff of energy
Jewellery
 l - an amulet of guardian spirit (around neck)
 m - a ring of poison resistance (left hand)
Wands
 c - a wand of iceblast (19)
 e - a wand of enslavement (5)
 D - a wand of polymorph (7)
 K - a wand of paralysis (12)
 S - a wand of acid (10)
Scrolls
 g - a scroll of brand weapon {unknown}
 n - 7 scrolls of remove curse {@r2}
 o - 4 scrolls of enchant weapon
 t - 3 scrolls of identify {@r1}
 v - a scroll of fear
 x - 5 scrolls of amnesia
 z - a scroll of immolation {!r}
 B - 4 scrolls of magic mapping
 C - a scroll of fog
 L - 2 scrolls of enchant armour
Potions
 f - 2 potions of magic
 h - 2 potions of might
 i - 5 potions of mutation {!q}
 q - 4 potions of curing {@q1}
 r - 2 potions of invisibility
 s - 4 potions of flight
 w - a potion of lignification {!q}
 A - a potion of resistance
 I - a potion of heal wounds {@q2}
 R - a potion of berserk rage {unknown}
Books
 X - a manual of Long Blades
Comestibles
 d - 28 rations
 T - 5 chunks of flesh


   Skills:
 + Level 5.3 Fighting
 * Level 5.7 Maces & Flails
 + Level 4.8 Dodging
 + Level 5.0 Stealth
 - Level 2.6 Shields
 + Level 12.1 Spellcasting
 + Level 3.9 Conjurations
 + Level 0.9 Charms
 - Level 1.1 Transmutations
 - Level 14.0 Earth Magic
 + Level 0.7 Invocations
 + Level 1.4 Evocations


You had 13 spell levels left.
You knew the following spells:

 Your Spells              Type           Power        Failure   Level  Hunger
a - Sandblast             Erth           ######       0%          1    None
b - Passwall              Tmut/Erth      ######..     1%          2    None
c - Stone Arrow           Conj/Erth      ######       1%          3    None
d - Lee's Rapid Deconstr  Erth           #######...   1%          5    None
e - Dazzling Spray        Conj/Hex       ####..       3%          3    None
f - Shroud of Golubria    Chrm/Tloc      ###.......   3%          2    None
g - Regeneration          Chrm/Necr      ###.......   6%          3    None
h - Spectral Weapon       Hex/Chrm       ###.....     6%          3    None

Your spell library contained the following spells:

 Spells                   Type           Power        Failure   Level  Hunger
 Fireball                 Conj/Fire      ####......   28%         5    None
 Bolt of Fire             Conj/Fire      ####......   85%         6    ####...
 Confuse                  Hex            ###.....     7%          3    None
 Ring of Flames           Chrm/Fire      ###.......   100%        7    #####..
 Tukima's Dance           Hex            ###.....     7%          3    None
 Ignite Poison            Fire/Tmut/Pois ###.....     6%          3    None
 Ensorcelled Hibernation  Hex/Ice        ###...       3%          2    None
 Corona                   Hex            ###....      2%          1    None
 Petrify                  Tmut/Erth      ######..     1%          4    None
 Infusion                 Chrm           ####         1%          1    None
 Song of Slaying          Chrm           ####....     2%          2    None
 Ignition                 Fire           ###.......   100%        8    #######


Dungeon Overview and Level Annotations

Branches:
Dungeon (12/15)            Temple (1/1) D:6            Lair (0/6) D:8
    Orc (0/2) D:12

Altars:
Ashenzari
Cheibriados
Dithmenos
Elyvilon
Fedhas
Gozag
Hepliaklqana
Kikubaaqudgha
Makhleb
Nemelex Xobeh
Okawaru
Qazlal
Ru
Sif Muna
Trog
Uskayaw
Vehumet
Wu Jian
Xom
Yredelemnul
Zin
The Shining One
Beogh

Shops:
D:5 %   D:9 =[!(*

Portals:
Trove: D:12 (show abyssal rune of Zot)

Annotations:
D:4 kirsanium's ghost, amateur DDFi
D:5 exclusion: downstairs
D:6 Sergey's ghost, novice VSSk
D:7 exclusion: downstairs


Innate Abilities, Weirdness & Mutations

You cannot be hasted, slowed, berserked, paralysed or teleported.
You can dig through walls and to a lower floor.
Your four strong arms can wield two-handed weapons with a shield.
You have a pair of large antennae on your head. (SInv)


Message History

Confirm with . or Enter, or press ? or * to list all spells.
Aiming: Sandblast (safe; 0% risk of failure)
Press: ? - help, Shift-Dir - straight line, f/p - large slime creature
Aim: a large slime creature (severely wounded, poisoned)
The blast of sand hits the large slime creature.
The large slime creature is almost dead.
b - 161 stones The slime creature barely misses you.
The large slime creature barely misses you.
You hit the large slime creature.
The large slime creature looks as sick as possible!
The large slime creature is almost dead.
The slime creature barely misses you. The large slime creature hits you!
* * * LOW HITPOINT WARNING * * *
You whack the large slime creature!
You kill the large slime creature!
Cheibriados appreciates the change of pace.
Your Stealth skill increases to level 5!
The slime creature hits you!!
You die...

#...........#...
#))........รท#.>.
#.)###+##...####
##.......#.......
#........#.......
#..'.....#.......
#........#.......
###...######.......
###.@J...............
....................####
#####.......#########
#.......# #.......#
#.......# #.......#
#########


You could see a slime creature.

Vanquished Creatures
  An ogre mage (D:11)
  4 two-headed ogres
  The ghost of crawlian the Martial Artist, a novice OpTm of Wu Jian (D:8)
  A cyclops (D:11)
  3 ugly things
  A centaur zombie (D:10)
  A centaur skeleton (D:10)
  A kobold demonologist (D:11)
  2 queen bees
  3 trolls
  A hornet (D:12)
  2 hippogriffs
  3 slime creatures (D:12)
  Sigmund (D:2)
  13 yaks
  A wyvern (D:9)
  A wraith (D:11)
  Grum (D:9)
  4 vampire mosquitoes (D:12)
  4 porcupines (D:8)
  5 orc warriors
  2 eyes of draining
  2 sky beasts
  5 ogres
  A phantom (D:10)
  4 centaurs
  4 wolves (D:9)
  4 crocodiles (D:8)
  A big kobold (D:12)
  2 bullfrogs
  A gnoll sergeant (D:6)
  2 scorpions
  42 killer bees
  4 howler monkeys
  2 crimson imps
  A quasit (D:10)
  3 jellies
  A bullfrog zombie (D:12)
  4 hounds
  3 orc priests
  A bullfrog skeleton (D:5)
  An iguana (D:10)
  14 orc wizards
  3 worker ants
  A hound skeleton (D:5)
  10 adders
  10 gnolls
  2 river rats (D:4)
  4 shadow imps
  7 oozes
  An adder zombie (D:7)
  An adder skeleton (D:9)
  8 worms
  5 dart slugs
  7 leopard geckos
  37 orcs
  4 ball pythons
  3 bat skeletons (D:3)
  4 bat zombies (D:3)
  4 giant cockroaches
  10 goblins
  3 hobgoblins
  18 jackals
  14 kobolds
  2 quokkas
  15 bats
  5 frilled lizards
  A giant cockroach zombie (D:5)
  A leopard gecko skeleton (D:4)
  A quokka skeleton (D:6)
  A quokka zombie (D:5)
  12 rats
352 creatures vanquished.

Vanquished Creatures (others)
  A bush (D:8)
  3 fungi (D:8)
  13 plants (D:8)
17 creatures vanquished.

Grand Total: 369 creatures vanquished

Notes
Turn   | Place    | Note
-------+----------+-------------------------------------------
     0 | D:1      | Supreme the Formicid Earth Elementalist began the quest for the Orb.
     0 | D:1      | Reached XP level 1. HP: 13/13 MP: 3/3
   115 | D:1      | Reached skill level 4 in Earth Magic
   115 | D:1      | Reached XP level 2. HP: 18/19 MP: 3/5
   119 | D:1      | Learned a level 2 spell: Passwall
   181 | D:1      | Reached skill level 2 in Dodging
   490 | D:1      | Reached XP level 3. HP: 15/25 MP: 4/6
   495 | D:1      | Learned a level 3 spell: Stone Arrow
  1089 | D:2      | Reached XP level 4. HP: 21/31 MP: 4/7
  1244 | D:2      | Found a hide-covered altar of Uskayaw.
  1300 | D:2      | Reached skill level 5 in Earth Magic
  1332 | D:2      | Noticed Sigmund
  1985 | D:3      | Reached skill level 3 in Stealth
  1985 | D:3      | Reached XP level 5. HP: 36/36 MP: 9/9
  2160 | D:3      | Reached skill level 3 in Spellcasting
  2649 | D:3      | Found an ancient bone altar of Kikubaaqudgha.
  2930 | D:4      | Found a glowing drain.
  2980 | D:4      | Reached skill level 1 in Fighting
  2998 | D:4      | Found a sacrificial altar of Ru.
  3023 | Sewer    | Entered a sewer
  3042 | Sewer    | Reached XP level 6. HP: 20/43 MP: 1/10
  3050 | Sewer    | Learned a level 5 spell: Lee's Rapid Deconstruction
  3883 | D:4      | Noticed kirsanium's ghost (amateur DDFi)
  3907 | D:4      | Found a bloodstained altar of Trog.
  4150 | D:4      | Reached skill level 1 in Shields
  4343 | D:5      | Entered Level 5 of the Dungeon
  4387 | D:5      | Noticed an ogre
  4413 | D:5      | Found Nikig's Food Shop.
  4542 | D:5      | Reached skill level 4 in Spellcasting
  4542 | D:5      | Reached skill level 6 in Earth Magic
  4542 | D:5      | Reached XP level 7. HP: 26/48 MP: 8/13
  4571 | D:5      | Reached skill level 2 in Shields
  4844 | D:5      | Reached skill level 7 in Earth Magic
  5093 | D:5      | Reached skill level 4 in Stealth
  5093 | D:5      | Reached XP level 8. HP: 54/54 MP: 7/15
  5325 | D:6      | Noticed Sergey's ghost (novice VSSk)
  5408 | D:6      | Found a snail-covered altar of Cheibriados.
  5433 | D:6      | Became a worshipper of Cheibriados the Contemplative
  5507 | D:6      | Reached skill level 3 in Dodging
  5507 | D:6      | Reached skill level 5 in Spellcasting
  5791 | D:2      | Killed Sigmund
  5791 | D:2      | Reached skill level 8 in Earth Magic
  5957 | D:6      | Got a polished whip
  5958 | D:6      | Identified the +10 whip "Eqyim" {venom, rF++ rC+} (You found it on level 6 of the Dungeon)
  5969 | D:6      | Found a staircase to the Ecumenical Temple.
  5978 | Temple   | Entered the Ecumenical Temple
  6430 | D:7      | Reached skill level 6 in Spellcasting
  6439 | D:7      | Reached * piety under Cheibriados
  6444 | D:7      | Reached skill level 9 in Earth Magic
  6447 | D:7      | Reached XP level 9. HP: 60/61 MP: 9/18
  6513 | D:7      | Found a basalt altar of Yredelemnul.
  6513 | D:7      | Found a hazy altar of Hepliaklqana.
  6518 | D:7      | Found a sparkling altar of Nemelex Xobeh.
  6520 | D:7      | Found a faded altar of an unknown god.
  6522 | D:7      | Found a faded altar of an unknown god.
  6579 | D:7      | Found a radiant altar of Vehumet.
  6622 | D:7      | Found an opulent altar of Gozag.
  6946 | D:8      | Noticed crawlian's ghost (novice OpTm)
  7041 | D:8      | Reached ** piety under Cheibriados
  7153 | D:8      | Found a glowing silver altar of Zin.
  7276 | D:8      | Killed crawlian's ghost
  7276 | D:8      | Reached skill level 7 in Spellcasting
  7276 | D:8      | Reached skill level 10 in Earth Magic
  7399 | D:8      | Found a staircase to the Lair.
  7420 | D:8      | Reached skill level 11 in Earth Magic
  7425 | D:8      | Reached skill level 8 in Spellcasting
  7426 | D:8      | Reached XP level 10. HP: 67/67 MP: 15/22
  7452 | D:8      | Reached skill level 2 in Fighting
  7630 | D:8      | Reached skill level 12 in Earth Magic
  7822 | D:9      | Reached skill level 9 in Spellcasting
  7847 | D:9      | Found Nuorown's Distillery.
  7850 | D:9      | Bought a potion of agility for 52 gold pieces
  7862 | D:9      | Found Amei's Weapon Emporium.
  7925 | D:9      | Noticed Grum
  7958 | D:9      | Reached *** piety under Cheibriados
  7997 | D:9      | Noticed a two-headed ogre
  8204 | D:9      | Found Odestrott's Jewellery Shoppe.
  8281 | D:9      | Reached skill level 3 in Fighting
  8281 | D:9      | Reached skill level 1 in Conjurations
  8478 | D:9      | Learned a level 3 spell: Dazzling Spray
  8561 | D:9      | Found Poatagh's Antique Armour Boutique.
  8597 | D:9      | Found Usat Abe's Assorted Antiques.
  8602 | D:9      | Bought a scroll labeled IXAETO MORCHI for 31 gold pieces
  8602 | D:9      | Bought 3 scrolls labeled GACWUU PAMPU for 93 gold pieces
  8602 | D:9      | Bought a scorched whip for 232 gold pieces
  8603 | D:9      | Identified the cursed +1 whip of Equivalence {freeze, rElec Int+3} (You bought it in a shop on level 9 of the Dungeon)
  8691 | D:9      | Reached XP level 11. HP: 75/75 MP: 24/24
  8755 | D:9      | Reached **** piety under Cheibriados
  8785 | D:9      | Killed Grum
  8785 | D:9      | Reached skill level 10 in Spellcasting
  8814 | D:9      | Killed a two-headed ogre
  8814 | D:9      | Reached skill level 4 in Dodging
  8814 | D:9      | Reached skill level 13 in Earth Magic
  8919 | D:10     | Entered Level 10 of the Dungeon
  9060 | D:10     | Reached skill level 4 in Fighting
  9217 | D:10     | Noticed a two-headed ogre
  9224 | D:10     | Killed a two-headed ogre
  9224 | D:10     | Reached skill level 2 in Conjurations
  9447 | D:10     | Reached ***** piety under Cheibriados
  9464 | D:10     | Reached skill level 11 in Spellcasting
  9618 | D:10     | Reached skill level 1 in Maces & Flails
 10074 | D:11     | Noticed a two-headed ogre
 10092 | D:10     | Killed a two-headed ogre
 10092 | D:10     | Reached skill level 2 in Maces & Flails
 10104 | D:11     | Noticed a green ugly thing
 10115 | D:10     | Learned a level 2 spell: Shroud of Golubria
 10119 | D:10     | Learned a level 3 spell: Regeneration
 10123 | D:10     | Learned a level 3 spell: Spectral Weapon
 10247 | D:12     | Reached XP level 12. HP: 85/85 MP: 13/27
 10252 | D:12     | Reached skill level 3 in Conjurations
 10367 | D:12     | Reached skill level 3 in Maces & Flails
 10379 | D:12     | Reached skill level 5 in Fighting
 10639 | D:11     | Found a shimmering altar of Xom.
 10679 | D:11     | Found a shimmering altar of Xom.
 10682 | D:11     | Found a shimmering altar of Xom.
 10683 | D:11     | Found a shimmering altar of Xom.
 10683 | D:11     | Found a shimmering altar of Xom.
 10696 | D:11     | Found a shimmering altar of Xom.
 10698 | D:11     | Found a shimmering altar of Xom.
 10946 | D:11     | Reached skill level 4 in Maces & Flails
 10962 | D:11     | Found a transporter.
 11084 | D:11     | Reached skill level 14 in Earth Magic
 11155 | D:11     | Found a roughly hewn altar of Beogh.
 11158 | D:11     | Noticed a two-headed ogre
 11159 | D:11     | Noticed an ogre mage
 11164 | D:11     | Killed an ogre mage
 11189 | D:11     | Killed a two-headed ogre
 11189 | D:11     | Reached skill level 5 in Maces & Flails
 11259 | D:11     | Found a transporter.
 11375 | D:12     | Found a portal to a secret trove of treasure.
 11417 | D:12     | Reached ****** piety under Cheibriados
 11417 | D:12     | Reached skill level 1 in Evocations
 11473 | D:12     | Found a staircase to the Orcish Mines.
 11626 | D:12     | Reached skill level 12 in Spellcasting
 11640 | D:12     | HP: 17/86 [large slime creature (9)]
 11641 | D:12     | Reached skill level 5 in Stealth
 11641 | D:12     | Slain by a slime creature

Vault maps used:
D:1:      dpeg_arrival_tiny_g, moated_statue, minmay_tall_x
D:2:      minmay_door_path, eat_drink_and_be_merry_uskayaw, uniq_sigmund
D:3:      kennysheep_vampire_church
D:4:      kennysheep_little_box, nicolae_ru_awakened_eye, portal_sewer_entry_b
D:5:      first_ration, serial_shops, shop
D:6:      lemuel_doored_altar, minmay_temple_entry_trees
D:7:      nicolae_gozag_cash_rules_everything_around_me, lemuel_round_altar,
          chequers_temple_overflow_minitemple
D:8:      nicolae_overflow_hidden_temple, minmay_lair_entry_grove
D:9:      serial_shops, shop, kennysheep_mini, shop, kennysheep_mini_moat,
          nicolae_shop_waterfront, corexii_leaking_fountain, david_nohive_1,
          uniq_grum
D:10:     special_room, kennysheep_generic_room_12
D:11:     gammafunk_beogh_shrine, xom_redecorated
D:12:     orc_0_dummy, enter_trove_3
Temple:   minmay_temple_curvy_loop
Sewer:    sewer_fruit_machine

Skill      XL: |  1  2  3  4  5  6  7  8  9 10 11 12 |
---------------+-------------------------------------+-----
Earth Magic    | 4 5 6 7 9 11 12 13 14 | 14.0
Dodging        | 2 3 4 |  4.8
Stealth        | 3 4 5 |  5.0
Spellcasting   | 3 4 6 8 9 11 12 | 12.1
Fighting       | 1 3 4 5 |  5.3
Shields        | 1 2 |  2.6
Conjurations   | 1 2 3 |  3.9
Maces & Flails | 2 5 |  5.7
Evocations     | 1 |  1.4
Charms         | |  0.9
Transmutations | |  1.1
Invocations    | |  0.7

Action                   |  1- 3 |  4- 6 |  7- 9 | 10-12 || total
-------------------------+-------+-------+-------+-------++-------
Melee: Unarmed           |    10 |       |       |       ||    10
       Dagger            |    39 |   175 |    18 |       ||   232
       Whip              |       |       |    34 |   216 ||   250
Throw: Throwing net      |       |       |       |     2 ||     2
 Cast: Sandblast         |    26 |    88 |   112 |    40 ||   266
       Passwall          |       |     4 |     1 |     2 ||     7
       Lee's Rapid Decon |       |       |     5 |    35 ||    40
       Stone Arrow       |       |       |       |   102 ||   102
       Regeneration      |       |       |       |     5 ||     5
       Shroud of Golubri |       |       |       |     6 ||     6
       Spectral Weapon   |       |       |       |     1 ||     1
Invok: Bend Time         |       |       |       |     1 ||     1
Evoke: Staff of energy   |       |       |       |    11 ||    11
  Use: Scroll            |       |    10 |     1 |    13 ||    24
       Potion            |       |     3 |     1 |     5 ||     9
 Stab: Sleeping          |     5 |    20 |     4 |     1 ||    30
       Invisible         |       |       |       |     1 ||     1
  Eat: Chunk             |     1 |    11 |    10 |     7 ||    29
       Ration            |       |       |       |     1 ||     1
Armor: Robe              |    10 |    99 |    14 |       ||   123
       Ring mail         |       |       |     4 |    61 ||    65
       Leather armour    |       |       |       |     5 ||     5
Dodge: Dodged            |    26 |   214 |    49 |   211 ||   500
Block: Buckler           |       |     6 |    25 |   137 ||   168

Table legend:
 A = Spawn XP
 B = Non-spawn XP
 C = Spawn XP percentage of total XP
 D = Spawn monster count
 E = Non-spawn monster count
 F = Spawn count percentage of total count
 G = Total turns spent on level
                    A         B        C        D         E        F      G
               +---------+---------+-------+---------+---------+-------+---------
         Total |       0 |   25549 |   0.0 |       0 |     352 |   0.0 | 11641
               +---------+---------+-------+---------+---------+-------+---------
           D:1 |       0 |      55 |   0.0 |       0 |      29 |   0.0 |  1078
           D:2 |       0 |     312 |   0.0 |       0 |      26 |   0.0 |   969
           D:3 |       0 |      59 |   0.0 |       0 |      24 |   0.0 |   835
           D:4 |       0 |     114 |   0.0 |       0 |      13 |   0.0 |   940
           D:5 |       0 |     723 |   0.0 |       0 |      24 |   0.0 |  1000
           D:6 |       0 |     357 |   0.0 |       0 |      17 |   0.0 |   632
           D:7 |       0 |     597 |   0.0 |       0 |      23 |   0.0 |   645
           D:8 |       0 |    3029 |   0.0 |       0 |      30 |   0.0 |   771
           D:9 |       0 |    4134 |   0.0 |       0 |      37 |   0.0 |  1140
          D:10 |       0 |    5569 |   0.0 |       0 |      42 |   0.0 |  1233
          D:11 |       0 |    5538 |   0.0 |       0 |      26 |   0.0 |   870
          D:12 |       0 |    4980 |   0.0 |       0 |      38 |   0.0 |   587
         Sewer |       0 |      82 |   0.0 |       0 |      23 |   0.0 |   732
               +---------+---------+-------+---------+---------+-------+---------
